 Dungeon Crawl Stone Soup version 0.30.1-11-g7821555f0a (webtiles) character file.

Game seed: 6634567628223944250

5545 fireball365 the Cleaver (level 10, -5/132 HPs)
             Began as a Hill Orc Fighter on Dec 7, 2023.
             Was an Initiate of Gozag.
             Slain by a fire elemental (8 damage)
             ... summoned by a deep elf pyromancer
             ... on level 9 of the Dungeon.
             The game lasted 00:18:16 (9935 turns).

fireball365 the Cleaver (Hill Orc Fighter)          Turns: 9935, Time: 00:18:17

Health: -5/132     AC: 15    Str: 22    XL:     10   Next: 71%
Magic:  10/10      EV: 11    Int:  8    God:    Gozag
Gold:   172        SH: 11    Dex: 16    Spells: 9/9 levels left

rFire   . . .        a - +0 war axe
rCold   . . .        c - +0 buckler
rNeg    . . .        b - +0 scale mail
rPois   +            h - +2 hat
rElec   .            j - +2 cloak
rCorr   .            (no gloves)
SInv    .            y - +0 pair of boots
Will    .....        H - amulet of Paranoia {Reflect SH+5 Stlth+} Stlth
                     B - +6 ring of dexterity
HPRegen 0.42/turn    F - ring of poison resistance
MPRegen 0.12/turn

%: reflection
@: berserking, very quick
A: weak 1, MP-powered wands
a: Renounce Religion, Potion Petition, Call Merchant, Bribe Branch


You were on level 9 of the Dungeon.
You worshipped Gozag.
Gozag was aware of your devotion.
You visited 2 branches of the dungeon, and saw 10 of its levels.

You collected 967 gold pieces.
You spent 675 gold pieces at shops.
You paid 120 gold pieces to Gozag.

Inventory:

Hand Weapons
 a - a +0 war axe (weapon)
 g - a +0 battleaxe
Missiles
 w - 2 boomerangs (quivered)
 E - a curare-tipped dart
Armour
 b - a +0 scale mail (worn)
 c - a +0 buckler (worn)
 h - a +2 hat (worn)
 j - a +2 cloak (worn)
 y - a +0 pair of boots (worn)
Jewellery
 v - an amulet of magic regeneration
 B - a +6 ring of dexterity (left hand)
 F - a ring of poison resistance (right hand)
 H - the amulet of Paranoia (around neck) {Reflect SH+5 Stlth+}
   (You bought it in a shop on level 8 of the Dungeon)

   [amulet of reflection]

   It reflects blocked missile attacks.
   SH:        It affects your SH (+5).
   Stlth:     It makes you more stealthy.
Wands
 m - a wand of polymorph (21)
 D - a wand of paralysis (4)
Scrolls
 e - a scroll of silence {unknown}
 f - 3 scrolls of amnesia
 i - a scroll of vulnerability {unknown}
 k - a scroll of brand weapon {unknown}
 l - 4 scrolls of teleportation
 n - 2 scrolls of immolation
 q - a scroll of noise
 r - 2 scrolls of enchant armour {unknown}
 s - a scroll of butterflies {unknown}
 t - 2 scrolls of fear {unknown}
 u - a scroll of magic mapping {unknown}
 x - 3 scrolls of poison
 C - a scroll of blinking {unknown}
Potions
 d - 4 potions of might
 o - 3 potions of degeneration
 p - 2 potions of brilliance
 z - a potion of cancellation


   Skills:
 + Level 8.1 Fighting
 + Level 13.4 Axes
 + Level 8.5 Armour
 + Level 3.6 Dodging
 + Level 1.7 Stealth
 + Level 6.6 Shields


You had 9 spell levels left.
You didn't know any spells.
Your spell library contained the following spells:

 Spells                   Type           Power      Damage    Failure   Level
 Slow                     Hex            0%         N/A       75%         1
 Sting                    Tmut/Pois      0%         1d3       75%         1
 Cigotuvi's Dreadful Rot  Necr/Pois/Air  0%         N/A       87%         2
 Ensorcelled Hibernation  Hex/Ice        0%         N/A       87%         2
 Passwall                 Tmut/Erth      0%         N/A       87%         2
 Poisonous Vapours        Pois/Air       0%         N/A       87%         2
 Confusing Touch          Hex            0%         N/A       98%         3
 Hailstorm                Conj/Ice       0%         3d3       98%         3
 Portal Projectile        Hex/Tloc       0%         N/A       98%         3
 Swiftness                Air            0%         N/A       98%         3
 Tukima's Dance           Hex            0%         N/A       98%         3
 Vampiric Draining        Necr           0%         2d6       98%         3
 Dispel Undead            Necr           0%         3d6       100%        4
 Ice Form                 Ice/Tmut       0%         N/A       100%        4
 Olgreb's Toxic Radiance  Pois           0%         N/A       100%        4
 Blade Hands              Tmut           0%         N/A       100%        5
 Death Channel            Necr           0%         N/A       100%        6
 Simulacrum               Ice/Necr       Unusable   N/A       N/A         6

Dungeon Overview and Level Annotations

Branches:
Dungeon (9/15)             Temple (1/1) D:4            Lair (0/5) D:9
    Orc: D:9-12

Altars:
Ashenzari
Cheibriados
Dithmenos
Elyvilon
Fedhas
Gozag
Hepliaklqana
Kikubaaqudgha
Makhleb
Nemelex Xobeh
Okawaru
Qazlal
Ru
Sif Muna
Uskayaw
Vehumet
Wu Jian
Xom
Yredelemnul
Zin
The Shining One

Shops:
D:4 =*[(   D:8 (=


Innate Abilities, Weirdness & Mutations

You are weak. (Str -2)
You expend magic power (3 MP) to strengthen your wands.


Message History

You hit the deep elf pyromancer.
The deep elf pyromancer is heavily wounded.
You hit the fire elemental but do no damage.
You are covered in liquid flames!
The deep elf pyromancer points at you and mumbles some strange words.
The bolt of fire hits you! The fire elemental hits you.
The fire elemental burns you!
You closely miss the deep elf pyromancer.
The deep elf pyromancer is heavily wounded.
You slash the fire elemental!
You are covered in liquid flames!
* * * LOW HITPOINT WARNING * * *
You are no longer on fire.
You block the fire elemental's attack.
The deep elf pyromancer closely misses you.
You closely miss the deep elf pyromancer.
The deep elf pyromancer is heavily wounded.
You miss the fire elemental. The fire elemental hits you.
* * * LOW HITPOINT WARNING * * *
The fire elemental burns you!
* * * LOW HITPOINT WARNING * * *
The deep elf pyromancer hits you but does no damage.
You block the fire elemental's attack.
You hit the deep elf pyromancer.
The deep elf pyromancer is heavily wounded.
You hit the fire elemental.
The deep elf pyromancer barely misses you.
The fire elemental hits you. The fire elemental burns you!
* * * LOW HITPOINT WARNING * * *
A red film seems to cover your vision as you go berserk!
You feel yourself moving faster!
You feel mighty!
The deep elf pyromancer hits you but does no damage.
The fire elemental hits you. The fire elemental burns you!
* * * LOW HITPOINT WARNING * * *
You closely miss the deep elf pyromancer.
The deep elf pyromancer is heavily wounded.
You hit the fire elemental but do no damage.
The fire elemental hits you. The fire elemental burns you!
You die...
Your body crumbles into a pile of gold.

$ ######.## 8...
####........
#...####+##...........
#...[.>...#.##........
#........# #........
+........+ #........
#........# #........
#........# #........
#...@.$..# #........
#..Ee....# #........
#........# ######.##
##.###'### #...# ##.
#.# ##'#### #.. #.#
#...... ##.####.#
#...... ......#.##
#......
.P.PPP...#######......


You could see a deep elf pyromancer and a fire elemental (summoned).

Vanquished Creatures
  A polar bear (D:8)
  7 yaks
  A wyvern (D:9)
  An acid dragon (D:8)
  6 water moccasins
  A black bear (D:5)
  3 ice beasts
  2 sky beasts (D:7)
  An orc warrior (D:8)
  4 ogres
  4 wolves (D:8)
  A centaur (D:6)
  2 phantoms (D:5)
  2 kobold brigands
  3 bullfrogs
  Blork the orc (D:6)
  3 scorpions
  8 killer bees
  2 vampire bats (D:3)
  An electric eel (D:8)
  A howler monkey (D:9)
  A crimson imp (D:3)
  4 orc priests
  2 hounds
  2 gnoll boudas
  2 sleepcaps
  2 iguanas (D:4)
  4 orc wizards
  3 centaur simulacra (D:8)
  Robin (D:2)
  7 gnolls
  5 adders
  7 white imps
  8 ufetubi
  2 dart slugs
  A worm (D:3)
  19 orcs
  8 bats
  2 bat skeletons (D:3)
  2 bat zombies (D:3)
  5 endoplasms
  3 giant cockroaches
  17 goblins
  4 hobgoblins
  8 jackals
  12 kobolds
  2 quokkas
  9 ball pythons
  8 frilled lizards
  3 rats
208 creatures vanquished.

Notes
Turn   | Place    | Note
-------+----------+-------------------------------------------
     0 | D:1      | fireball365 the Hill Orc Fighter began the quest for the
                  | Orb.
     0 | D:1      | Reached XP level 1. HP: 19/19 MP: 1/1
    41 | D:1      | Reached XP level 2. HP: 24/27 MP: 2/2
   322 | D:1      | Reached skill level 3 in Axes
   386 | D:1      | Reached XP level 3. HP: 33/33 MP: 3/3
   859 | D:2      | Noticed Robin
   894 | D:2      | Killed Robin
   895 | D:2      | Reached XP level 4. HP: 37/40 MP: 4/4
  1368 | D:2      | Reached skill level 4 in Axes
  1537 | D:3      | Reached XP level 5. HP: 36/46 MP: 5/5
  1861 | D:3      | Found an ancient bone altar of Kikubaaqudgha.
  1869 | D:3      | Reached skill level 5 in Axes
  1869 | D:3      | Reached skill level 1 in Dodging
  1880 | D:3      | Reached XP level 6. HP: 52/53 MP: 6/6
  2039 | D:3      | Found a burning altar of Makhleb.
  2040 | D:3      | Found a radiant altar of Vehumet.
  2161 | D:3      | Found a glowing golden altar of the Shining One.
  2408 | D:4      | Found a stormy altar of Qazlal.
  2469 | D:4      | Reached skill level 6 in Axes
  2515 | D:4      | Found a staircase to the Ecumenical Temple.
  2542 | Temple   | Entered the Ecumenical Temple
  2542 | Temple   | Found a transporter.
  2542 | Temple   | Found a transporter.
  2544 | Temple   | Found a transporter.
  2544 | Temple   | Found a transporter.
  2600 | D:4      | Found a sacrificial altar of Ru.
  2606 | D:4      | Reached skill level 5 in Armour
  2606 | D:4      | Reached XP level 7. HP: 21/60 MP: 7/7
  2739 | D:4      | Found a hazy altar of Hepliaklqana.
  2765 | D:4      | Found a blossoming altar of Fedhas.
  2791 | D:4      | Found Zele's Assorted Antiques.
  2797 | D:4      | Bought a scroll labelled DEHAHI WUALIRR for 26 gold pieces
  2797 | D:4      | Bought a scroll labelled CESITW NECSUG for 26 gold pieces
  2797 | D:4      | Bought a scroll labelled UBBEOC WUYPS for 26 gold pieces
  2923 | D:4      | Found Onkoum's Jewellery Shoppe.
  2949 | D:4      | Found a broken altar of Ashenzari.
  3029 | D:4      | Found Kyroxoykk's Armour Emporium.
  3167 | D:4      | Found Ixyedoekh's Weapon Emporium.
  3286 | D:5      | Entered Level 5 of the Dungeon
  3444 | D:5      | Reached skill level 5 in Fighting
  3444 | D:5      | Reached skill level 7 in Axes
  3757 | D:5      | Reached XP level 8. HP: 68/68 MP: 8/8
  3773 | D:5      | Reached skill level 8 in Axes
  5134 | D:6      | Noticed Blork the orc
  5149 | D:6      | Killed Blork the orc
  5912 | D:7      | Noticed a yak
  5912 | D:7      | Noticed a yak
  5913 | D:7      | Noticed a yak
  5914 | D:7      | Noticed a yak
  5920 | D:7      | Killed a yak
  5921 | D:7      | Reached skill level 5 in Shields
  5924 | D:7      | Killed a yak
  5925 | D:7      | Reached skill level 9 in Axes
  5929 | D:7      | Killed a yak
  5930 | D:7      | Reached XP level 9. HP: 16/78 MP: 9/9
  5939 | D:7      | Reached skill level 1 in Stealth
  6153 | D:7      | Reached skill level 10 in Axes
  6401 | D:7      | Gained mutation: You are weak. (Str -2) [potion of
                  | mutation]
  6401 | D:7      | Gained mutation: You expend magic power (3 MP) to
                  | strengthen your wands. [potion of mutation]
  6477 | D:7      | Found an opulent altar of Gozag.
  6652 | D:7      | Became a worshipper of Gozag Ym Sagoz the Greedy
  7113 | D:7      | Reached skill level 11 in Axes
  7493 | D:8      | Found Nootizow's Antique Weapon Shop.
  7848 | D:8      | Reached XP level 10. HP: 69/86 MP: 10/10
  7923 | D:8      | Reached skill level 12 in Axes
  7964 | D:8      | HP: 4/88 [polar bear (1)]
  7967 | D:8      | HP: 1/88 [polar bear (4)]
  8953 | D:8      | Found Nohilor's Jewellery Shop.
  8959 | D:8      | Bought the amulet of Paranoia {Reflect SH+5 Stlth+} for 597
                  | gold pieces
  8973 | D:8      | Reached skill level 13 in Axes
  9867 | D:9      | Found a staircase to the Lair.
  9915 | D:9      | Noticed a deep elf pyromancer
  9934 | D:9      | HP: 3/132 [fire elemental[a deep elf pyromancer] (7)]
  9935 | D:9      | Slain by a fire elemental

Illustrated notes

Levels and vault maps discovered:
D:1:      shiori_arrival_maze, layout_basic
D:2:      layout_basic, uniq_robin
D:3:      layout_rooms, grunt_temple_overflow_lords_of_destruction,
          kennysheep_vampire_church, tso_oasis_becter, minmay_tree_intersection,
          kennysheep_donut
D:4:      layout_loops_ring, mainiacjoe_overflow_alcove_4,
          nicolae_overflow_quartered_altars, minmay_temple_entry_slanted,
          serial_shops, nicolae_shop_back_alley_shop,
          nicolae_shop_real_fake_doors, shop, shop, minivault_1
D:5:      kb_forest_paths, layout_basic
D:6:      layout_basic, uniq_blork_the_orc
D:7:      layout_gridville, mainiacjoe_overflow_concentric_impassable
D:8:      nicolae_cairo_tiling, layout_loops_corners, serial_shops, shop, shop,
          serial_ice, serial_ice_b, serial_ice_e, serial_ice_c, serial_ice_g,
          serial_ice_j, serial_ice_m, serial_ice_a, serial_ice_f, serial_ice_o,
          serial_ice_n, minmay_misc_feat_more_columns, grunt_ministairs_8
D:9:      layout_roguey, due_lair_maze_entry_diamond, serial_corexii_hall,
          corexii_hall_statues_s, corexii_hall_statues_x,
          chequers_serial_rivers_micro_c
Temple:   hellmonk_temple_divided_pantheon

Skill      XL: |  1  2  3  4  5  6  7  8  9 10 |
---------------+-------------------------------+-----
Axes           | 3 4 5 6 7 9 11 13 | 13.4
Fighting       | 4 5 6 7 8 |  8.1
Armour         | 4 5 7 8 |  8.5
Shields        | 4 5 6 |  6.6
Dodging        | 1 2 3 |  3.6
Stealth        | 1 |  1.7

Action                     |  1- 3 |  4- 6 |  7- 9 | 10-12 || total
---------------------------+-------+-------+-------+-------++-------
  Melee: War axe           |   104 |   163 |   315 |   208 ||   790
  Evoke: Wand              |       |       |       |     1 ||     1
    Use: Scroll            |       |     2 |     8 |     1 ||    11
         Potion            |       |       |     2 |     6 ||     8
   Stab: Distracted        |       |       |     2 |       ||     2
         Invisible         |       |       |       |     1 ||     1
 Armour: Scale mail        |    61 |   153 |   145 |   117 ||   476
  Dodge: Dodged            |    74 |   174 |   150 |    90 ||   488
  Block: Buckler           |    29 |    77 |    86 |    89 ||   281
